[Event "Late-Titled-Tuesday-Blitz-June-04-2024"]
[Site "Chess.com"]
[Date "2024.06.04"]
[Round "8"]
[White "VladimirBugayev"]
[Black "dolynachess"]
[Result "1-0"]
[WhiteElo "2351"]
[BlackElo "2500"]
[TimeControl "180+1"]
[EndTime "15:26:34 PDT"]
[Termination "VladimirBugayev won on time"]

1. e4 c5 2. Nc3 d6 3. f4 g6 4. Bc4 Bg7 5. Nf3 Nc6 6. O-O a6 7. d3 Na5 8. Bb3 Nxb3 9. axb3 Nf6 10. h3 O-O 11. Qe1 e6 12. Kh2 d5 13.
e5 Ne8 14. d4 cxd4 15. Nxd4 f6 16. exf6 Qxf6 17. Be3 Nd6 18. Nf3 Nf5 19. Bf2 b5 20. Ne5 g5 21. Bc5 gxf4 22. Bxf8 Kxf8 23. Ng4 Qg5 24. Qf2 h5 25. Qf3 hxg4 26. hxg4 Ne7 27.
Qxf4+ Qxf4+ 28. Rxf4+ Kg8 29. g3 b4 30. Ne2 Be5 31.
Rxb4 Bxb2 32. Rf1 Bg7 33. Rb6 a5 34. Nf4 e5 35. Nh5 a4 36. bxa4 Rxa4 37. g5 Rc4 38. Nf6+ Kh8 39. Rb8 Rxc2+ 40. Kg1 1-0

[Event "Late-Titled-Tuesday-Blitz-June-04-2024"]
[Site "Chess.com"]
[Date "2024.06.04"]
[Round "8"]
[White "Engima32"]
[Black "Roedor"]
[Result "1-0"]
[WhiteElo "2475"]
[BlackElo "2364"]
[TimeControl "180+1"]
[EndTime "15:26:34 PDT"]
[Termination "Engima32 won by resignation"]

1. d4 Nf6 2. Nf3 g6 3. g3 Bg7 4. Bg2 O-O 5. O-O d5 6. c4 Nc6 7.
cxd5 Nxd5 8. Re1 Bg4 9. Nc3 Nb6 10. e3 e5 11. d5 e4 12. dxc6 Qxd1 13. Rxd1 exf3 14.
cxb7 Rab8 15. Bf1 Rxb7 16. Bd2 Be6 17. Rac1 Nc4 18. b3 Nb2 19. Re1 Rd8 20. Nb1 Nd3 21.
Bxd3 Rxd3 22. Bc3 Bxc3 23. Nxc3 Rb8 24. Red1 Rbd8 25. Kf1 f5 26. Ke1 Kf7 27. Rxd3 Rxd3 28. Nb5 Kf6 29. Nxa7 h5 30. Nc6 h4 31. Nd4 Bc8 32. Rc6+ Kg5 33. Rxc7 Ba6 34. Nxf3+ Kg4 35. Nd4 h3 36. Rc6 Bb7 37. Rxg6+ Kh5 38. Rg7 Be4 39.
Rc7 Kg4 40. a4 Bd5 41. Ke2 Be4 42. f3+ Kg5 43. fxe4 fxe4 44. a5 1-0

[Event "Late-Titled-Tuesday-Blitz-June-04-2024"]
[Site "Chess.com"]
[Date "2024.06.04"]
[Round "8"]
[White "mortngabriel"]
[Black "rhungaski"]
[Result "0-1"]
[WhiteElo "2487"]
[BlackElo "2627"]
[TimeControl "180+1"]
[EndTime "15:26:35 PDT"]
[Termination "rhungaski won by resignation"]

1. e4 e6 2. d4 d5 3. Nc3 Bb4 4. Ne2 dxe4 5. a3 Be7 6. Nxe4 Nf6 7. Nxf6+ Bxf6 8. Be3 Nc6 9. Qd2 b6 10. O-O-O Bb7 11. Nc3 Qd7 12. d5 exd5 13. Nxd5 O-O-O 14. Nxf6 Qxd2+ 15. Rxd2 Rxd2 16. Bxd2 gxf6 17. Bc3 Ne5 18. f4 Ng4 19. Be2 Ne3 20. Bxf6 Rg8 21. Bd3 h5 22.
Re1 Nxg2 23. Re7 Nxf4 24. Be5 Rg1+ 25. Kd2 Rg2+ 26. Ke1 Nxd3+ 27. cxd3 Bf3 28. Rxc7+ Kd8 29. Rxf7 Re2+ 30. Kf1 Bg4 31. Bg3 Rxb2 32. Rxa7 Be2+ 33. Ke1 Bxd3 34. Rg7 b5 35. Rg5 Be2 36. Rd5+ Kc8 37. Rd2 Rxd2 38. Kxd2 Bg4 39. Kc3 Kb7 40. Kb4 Kc6 41.
Bf4 Bh3 42. a4 bxa4 43. Kxa4 Kd5 44. Kb3 Ke4 45. Kc2 Kxf4 46. Kd2 Kf3 47. Ke1 Kg2 48. Ke2 Bg4+ 49. Ke1 h4 50. Kd2 Kxh2 51. Ke3 Kg2 0-1

[Event "Late-Titled-Tuesday-Blitz-June-04-2024"]
[Site "Chess.com"]
[Date "2024.06.04"]
[Round "8"]
[White "Cuchulin"]
[Black "Bkmzzzzz"]
[Result "0-1"]
[WhiteElo "2278"]
[BlackElo "2423"]
[TimeControl "180+1"]
[EndTime "15:26:35 PDT"]
[Termination "Bkmzzzzz won by resignation"]

1. d4 d5 2. Bf4 Nf6 3. e3 e6 4.
Nf3 Bd6 5. Ne5 O-O 6. Nd2 c5 7. Be2 Nc6 8. c3 Qc7 9. Nxc6 Bxf4 10. exf4 Qxc6 11. dxc5 Qxc5 12. O-O b5 13. g3 b4 14. cxb4 Qxb4 15. b3 a5 16. Nf3 Ne4 17. Bd3 Ba6 18. Ne5 Rfc8 19. Bxe4 Qxe4 20. Re1 Qb4 21. Qh5 Rc7 22.
f5 f6 23. Ng4 e5 24. Qh4 Qd6 25. Rac1 Rac8 26. Rxc7 Rxc7 27. Ne3 d4 28. Nc4 Bxc4 29. bxc4 Rxc4 30. Qe4 Qc6 31. Qb1 Qc8 32. Qb5 Rc5 33. Qb3+ Kh8 34. Qf7 h6 35. Rb1 Rc1+ 36. Rxc1 Qxc1+ 37.
Kg2 Qc6+ 38. f3 Qc8 39. Qd5 Qxf5 40. Qxa5 Kh7 41. a4 Qc2+ 42. Kh3 d3 43. Qc7 Qxc7 0-1

[Event "Late-Titled-Tuesday-Blitz-June-04-2024"]
[Site "Chess.com"]
[Date "2024.06.04"]
[Round "8"]
[White "LUISMIGUELOV"]
[Black "cthulhuuu"]
[Result "0-1"]
[WhiteElo "2223"]
[BlackElo "2438"]
[TimeControl "180+1"]
[EndTime "15:26:35 PDT"]
[Termination "cthulhuuu won by resignation"]

1. d4 Nf6 2. c3 g6 3. Bg5 Bg7 4. Nd2 d5 5. e3 c6 6. Bd3 O-O 7.
f4 Qb6 8. b4 a5 9. a3 axb4 10.
axb4 Rxa1 11. Qxa1 Bf5 12. Bxf5 gxf5 13. Bxf6 Bxf6 14.
Ngf3 Qb5 15. Kf2 Nd7 16. Qf1 Nb6 17. Qxb5 cxb5 18. Ne5 Bxe5 19. fxe5 Rc8 20. Rc1 Na4 21. Nb1 e6 22. Ke2 f6 23. exf6 Kf7 24. Kd3 Kxf6 25. Rf1 h5 26. Rf3 Nb2+ 27. Kc2 Nc4 28. Kd3 Ra8 29.
Nd2 Ra2 30. Rf2 h4 31. Re2 Nb2+ 32. Kc2 Na4+ 33. Kb3 Rb2+ 34. Ka3 Kg6 35. Rf2 Rc2 36. Ne4 Rxf2 37. Nxf2 Nxc3 38. g3 hxg3 39. hxg3 Ne4 40. g4 Nxf2 41. gxf5+ Kxf5 42. Kb3 Ke4 43. Kc3 Kxe3 0-1

[Event "Late-Titled-Tuesday-Blitz-June-04-2024"]
[Site "Chess.com"]
[Date "2024.06.04"]
[Round "8"]
[White "Kostukov_Alex"]
[Black "simaopdias"]
[Result "1/2-1/2"]
[WhiteElo "2302"]
[BlackElo "2221"]
[TimeControl "180+1"]
[EndTime "15:26:35 PDT"]
[Termination "Game drawn by repetition"]

1. g3 Nf6 2. Bg2 e6 3. d3 Be7 4.
e4 O-O 5. f4 d5 6. e5 Nfd7 7.
Nf3 b6 8. O-O Bb7 9. c4 c5 10. Nc3 dxc4 11. dxc4 Nc6 12. Be3 a6 13. h4 Qc7 14. Ng5 g6 15. Nge4 Rfd8 16. Qg4 h5 17. Qe2 Nd4 18. Bxd4 cxd4 19. Nd1 d3 20. Qxd3 Nc5 21.
Qc2 Nxe4 22. Bxe4 Bxe4 23. Qxe4 Rd4 24. Qxa8+ Kg7 25. b3 b5 26. cxb5 Rd2 27. Qc6 Qa7+ 28. b6 Qb8 29. Qc7 Qe8 30. b7 Qb5 31. b8=Q Bc5+ 32.
Nf2 Qd3 33. Kg2 Qe4+ 34. Kh3 Bxf2 35. Qcc8 Qf5+ 36. Kg2 Qe4+ 37. Kh3 Qf5+ 38. Kg2 Qe4+ 39. Kh3 1/2-1/2

[Event "Late-Titled-Tuesday-Blitz-June-04-2024"]
[Site "Chess.com"]
[Date "2024.06.04"]
[Round "8"]
[White "ManMish2"]
[Black "GlavkonVVS"]
[Result "1-0"]
[WhiteElo "2646"]
[BlackElo "2545"]
[TimeControl "180+1"]
[EndTime "15:26:36 PDT"]
[Termination "ManMish2 won by checkmate"]

1. e4 Nf6 2. e5 Nd5 3. Nf3 d6 4.
d4 Bg4 5. Be2 e6 6. O-O Be7 7.
Nbd2 Nf4 8. Ne4 Nxe2+ 9. Qxe2 Nc6 10. exd6 cxd6 11. c3 O-O 12. Ng3 d5 13. h3 Bxf3 14.
Qxf3 Bd6 15. Bf4 Qc7 16. Bxd6 Qxd6 17. Rfe1 b5 18. h4 b4 19. h5 h6 20. Rab1 a5 21. Ne2 Rfc8 22. Nf4 a4 23. Nd3 a3 24. cxb4 Nxd4 25. Qg4 Nc2 26. Rec1 Rc4 27. Qe2 Rac8 28. b3 Rc3 29. Nc5 Nd4 30. Qd2 Rxc1+ 31. Rxc1 Qf4 32. Qxf4 Ne2+ 33. Kf1 Nxf4 34. g4 Rb8 35. Nd7 Rd8 36. Ne5 f6 37. Nc6 Rd7 38. b5 Rb7 39. Nd4 e5 40.
Rc8+ Kf7 41. Nf5 Ke6 42. Re8+ Kf7 43. Nd6# 1-0

[Event "Late-Titled-Tuesday-Blitz-June-04-2024"]
[Site "Chess.com"]
[Date "2024.06.04"]
[Round "8"]
[White "FairChess_on_YouTube"]
[Black "Kiborg95"]
[Result "1-0"]
[WhiteElo "3077"]
[BlackElo "2912"]
[TimeControl "180+1"]
[EndTime "15:26:37 PDT"]
[Termination "FairChess_on_YouTube won by resignation"]

1. d4 d6 2. Nf3 Nf6 3. Nc3 Nbd7 4. e4 e5 5. g3 c6 6. Bg2 b5 7. O-O Bb7 8. Re1 Be7 9. Nh4 g6 10. Bh6 Bf8 11. Qd2 Bxh6 12. Qxh6 Ng4 13. Qd2 O-O 14.
Rad1 Ngf6 15. dxe5 dxe5 16. Bh3 Qc7 17. Qd6 Qxd6 18.
Rxd6 Rfd8 19. Bxd7 Nxd7 20. Red1 b4 21. Na4 Bc8 22. Nf3 f6 23. Rxf6 Nxf6 24. Rxd8+ Kf7 25. Nxe5+ Ke6 26. Nxc6 Nxe4 27. f3 Bb7 28. Rxa8 Bxa8 29.
Nd8+ Kd7 30. fxe4 Kxd8 31. Nc5 Kc7 32. Kf2 Kd6 33. Nd3 Bxe4 34. Ke3 Bf5 35. Nxb4 a5 36. Nd3 Kd5 37. b3 g5 38. c4+ Ke6 39. a3 Kd6 40.
Kd4 Bg4 41. b4 axb4 42. axb4 h5 43. b5 h4 44. c5+ Kc7 45. Ne5 hxg3 46. hxg3 Bf5 47.
Nf3 g4 48. Ne5 Be6 49. Nd3 Bf5 50. Nf4 Bc2 51. Nd5+ Kb7 52. c6+ Kc8 53. Kc5 Be4 54.
b6 Kb8 55. Kd6 Bf3 56. Ne7 Bxc6 57. Kxc6 Ka8 58. Nd5 Kb8 59. Nf6 Ka8 60. Nxg4 Kb8 61. Nf6 1-0

[Event "Late-Titled-Tuesday-Blitz-June-04-2024"]
[Site "Chess.com"]
[Date "2024.06.04"]
[Round "8"]
[White "kalxandria"]
[Black "PNEPaul"]
[Result "1-0"]
[WhiteElo "2229"]
[BlackElo "1924"]
[TimeControl "180+1"]
[EndTime "15:26:38 PDT"]
[Termination "kalxandria won by resignation"]

1. e4 e5 2. Bc4 Nc6 3. d3 Be7 4. f4 Bc5 5. Nf3 d6 6. Nc3 Nf6 7. Na4 Bg4 8. Nxc5 dxc5 9. h3 Bxf3 10. Qxf3 O-O 11. O-O exf4 12. Bxf4 Qd4+ 13. Be3 Qxb2 14.
Bxc5 Ne5 15. Qf2 Nxc4 16. Bxf8 Rxf8 17. dxc4 Nxe4 18. Qxa7 Qxc2 19. Qd4 Nd6 20. c5 Nb5 21. Qf2 Qg6 22. a4 Nc3 23. a5 Ne4 24. Qf5 Qc6 25.
Rae1 Ng3 26. Qf3 Nxf1 27. Qxc6 bxc6 28. Kxf1 Ra8 29. Ra1 Kf8 30. Ke2 Ke7 31. Kd3 Ke6 32. Kd4 f5 33. Kc4 g5 34. a6 Ra7 35. Kb4 h5 36. Re1+ Kd5 37. Ka5 Kxc5 38. Re5+ Kd6 39.
Rxf5 g4 40. Rxh5 gxh3 41. gxh3 c5 42. Rh8 c4 43. Rb8 Kc5 44. Rb7 Ra8 45. Rxc7+ Kd4 46. a7 c3 47. Kb6 Kd3 48. Kb7 1-0

[Event "Late-Titled-Tuesday-Blitz-June-04-2024"]
[Site "Chess.com"]
[Date "2024.06.04"]
[Round "8"]
[White "bubeliang"]
[Black "Stanbad1"]
[Result "1-0"]
[WhiteElo "2851"]
[BlackElo "2660"]
[TimeControl "180+1"]
[EndTime "15:26:39 PDT"]
[Termination "bubeliang won by checkmate"]

1. b3 Nf6 2. Bb2 g6 3. Bxf6 exf6 4. d4 b6 5. Nf3 Bg7 6. g3 Bb7 7. Bg2 f5 8. O-O O-O 9. Nbd2 d6 10. e3 Nd7 11. Re1 Re8 12. c4 c5 13. Qc2 Nf6 14. Rad1 Ne4 15. Qc1 Qe7 16. Nb1 h5 17. h4 Rad8 18. Nc3 a6 19. Qc2 Qc7 20. Qd3 Qe7 21.
Nd2 Nxc3 22. Qxc3 Bxg2 23. Kxg2 Qb7+ 24. Kg1 d5 25. cxd5 cxd4 26. exd4 Rxe1+ 27. Rxe1 Qxd5 28. Qc4 Bxd4 29. Re8+ Kg7 30. Rxd8 Qxd8 31. Nf3 Bc5 32. b4 Be7 33. Ne5 Qe8 34. a3 Bd6 35. Nd3 Qe4 36. Qxa6 f4 37. gxf4 Bxf4 38. Nxf4 Qxf4 39. Qxb6 Qg4+ 40.
Kf1 Qd1+ 41. Kg2 Qg4+ 42. Kf1 Qxh4 43. Qe3 Qc4+ 44. Kg2 h4 45. Qe5+ Kh7 46. Qf6 Kh6 47.
Kh3 Kh5 48. Qh8+ Kg5 49. Qe5+ Kh6 50. Qh8+ Kg5 51. Qe5+ Kh6 52. f4 Qf1+ 53. Kxh4 Qf2+ 54. Kh3 Qf3+ 55. Kh2 Qf2+ 56. Kh1 Qf1+ 57. Kh2 Qf2+ 58. Kh3 Qf3+ 59. Kh4 Qxa3 60. Qh8# 1-0

[Event "Late-Titled-Tuesday-Blitz-June-04-2024"]
[Site "Chess.com"]
[Date "2024.06.04"]
[Round "8"]
[White "Mariia89"]
[Black "gabduschew"]
[Result "0-1"]
[WhiteElo "2230"]
[BlackElo "2328"]
[TimeControl "180+1"]
[EndTime "15:26:40 PDT"]
[Termination "gabduschew won on time"]

1. d4 Nf6 2. Nf3 d5 3. c4 c6 4. e3 e6 5. Nc3 Bd6 6. Bd3 O-O 7. O-O Nbd7 8. e4 dxc4 9. Bxc4 e5 10. Bg5 Re8 11. Re1 h6 12. Bh4 exd4 13. Nxd4 Ne5 14.
Bb3 Ng6 15. Bg3 Bxg3 16. hxg3 Qc7 17. Rc1 Bg4 18. Qc2 Rad8 19. Nf3 Bxf3 20. gxf3 Ne5 21. Re3 a6 22. Kg2 g5 23. Rh1 Kg7 24. Ne2 c5 25. Qc3 b5 26. Bd1 c4 27. Nd4 h5 28. Nf5+ Kg8 29.
f4 b4 30. Qxb4 gxf4 31. gxf4 Ng6 32. Bxh5 Nxf4+ 33. Kf3 N6xh5 34. Rg1+ Ng6 35. Ke2 Nf4+ 36. Kf3 Rd3 0-1

[Event "Late-Titled-Tuesday-Blitz-June-04-2024"]
[Site "Chess.com"]
[Date "2024.06.04"]
[Round "8"]
[White "Pachonpower"]
[Black "Cambek64"]
[Result "1-0"]
[WhiteElo "2403"]
[BlackElo "2516"]
[TimeControl "180+1"]
[EndTime "15:26:41 PDT"]
[Termination "Pachonpower won on time"]

1. d4 Nf6 2. Nf3 e6 3. Nbd2 c5 4. e3 Nc6 5. c3 d5 6. Bd3 Bd6 7. O-O O-O 8. Qe2 e5 9. dxc5 Bxc5 10. e4 Re8 11. h3 a6 12. exd5 Qxd5 13. Ne4 Nxe4 14.
Bxe4 Qd6 15. Rd1 Qe7 16. Bg5 f6 17. Bh4 Qf7 18. Rd2 Be6 19. b4 Bf8 20. Rad1 g6 21.
Qe3 h6 22. Bb1 g5 23. Bg3 Rad8 24. h4 Rxd2 25. Rxd2 Rd8 26. hxg5 hxg5 27. Nxg5 fxg5 28. Rxd8 Nxd8 29. Qxg5+ Qg7 30. Qxd8 Qh6 31. Qd3 b5 32.
Bxe5 Kf7 33. Qf3+ Ke7 34. Qf4 Qxf4 35. Bxf4 Bg7 36. Bd2 Kd6 37. f4 Kd5 38. Bc2 Kc6 39. Bb3 Bf5 40. Kf2 Be4 41. g4 Bf6 42. Bd1 Kd5 43. Bb3+ Kd6 44. Ke3 Bc6 45. f5 Bg5+ 46. Kd3 Be4+ 47. Kxe4 Bxd2 48. Kd3 Bg5 49. c4 Kc6 50. a4 bxc4+ 51. Bxc4 Kb6 52. Ke4 Bd2 53. b5 axb5 54. Bxb5 Bg5 55. Kd5 Kc7 56. Ke6 Kb6 57. f6 Kc5 58. f7 1-0

[Event "Late-Titled-Tuesday-Blitz-June-04-2024"]
[Site "Chess.com"]
[Date "2024.06.04"]
[Round "8"]
[White "jlf287"]
[Black "dasatcu90"]
[Result "1-0"]
[WhiteElo "2515"]
[BlackElo "2264"]
[TimeControl "180+1"]
[EndTime "15:26:41 PDT"]
[Termination "jlf287 won on time"]

1. e4 c6 2. d4 d5 3. exd5 cxd5 4.
Bd3 Nc6 5. c3 g6 6. Bf4 Qb6 7.
Qe2 Bh6 8. Bxh6 Nxh6 9. Nf3 Bf5 10. Bxf5 Nxf5 11. O-O O-O 12. Na3 e6 13. Rab1 a5 14. Nc2 Qc7 15. Ne3 Nd6 16. Ng4 Ne4 17. Qe3 h5 18.
Nge5 Kg7 19. Nxc6 bxc6 20. Ne5 c5 21. f3 cxd4 22. Qxd4 Nf6 23. Kh1 Qa7 24. Qf4 Nd7 25. Rbe1 Nxe5 26. Qxe5+ Kg8 27. g4 hxg4 28. fxg4 Qb8 29.
Qg5 Qd8 30. Qh6 d4 31. c4 Ra7 32. Rf3 Qa8 33. Kg2 e5 34. Rxe5 Re8 35. Rd5 Rae7 36. Kg3 Re3 37. Qf4 Rxf3+ 38. Kxf3 d3 39. Qd4 1-0

[Event "Late-Titled-Tuesday-Blitz-June-04-2024"]
[Site "Chess.com"]
[Date "2024.06.04"]
[Round "8"]
[White "xakevicius91"]
[Black "Rital44"]
[Result "0-1"]
[WhiteElo "2558"]
[BlackElo "2698"]
[TimeControl "180+1"]
[EndTime "15:26:42 PDT"]
[Termination "Rital44 won by resignation"]

1. e4 c5 2. Nf3 Nc6 3. Bc4 d6 4.
O-O g6 5. c3 Bg7 6. d4 cxd4 7.
cxd4 Bg4 8. Be3 Nf6 9. h3 Bd7 10.
Nc3 O-O 11. e5 Ne8 12. Qe2 dxe5 13. dxe5 Nxe5 14. Nxe5 Bxe5 15. Bh6 Bg7 16. Bg5 Nf6 17. Rfd1 Qc8 18. Nd5 Nxd5 19. Bxd5 e6 20. Rac1 Bc6 21. Bxc6 bxc6 22. b3 Qb7 23. h4 a5 24. Rc4 Qb5 25.
Qe4 Rfc8 26. Rd6 c5 27. h5 Bf8 28. Rd3 Qc6 29. Qg4 Ra7 30. hxg6 hxg6 31. Bf6 Bg7 32.
Rf3 Rd7 33. Rcf4 Rd1+ 34. Kh2 Qd6 35. Bxg7 Kxg7 36. g3 Rh8+ 37. Kg2 Rf8 38. Qg5 e5 39. Rf6 Qd5 40. Ra6 Rd3 41. Qf6+ Kg8 42. g4 e4 43.
Rxd3 exd3+ 44. Kg3 d2 45. Rd6 d1=Q 46. Rxd5 Qxd5 0-1

[Event "Late-Titled-Tuesday-Blitz-June-04-2024"]
[Site "Chess.com"]
[Date "2024.06.04"]
[Round "8"]
[White "HansOnTwitch"]
[Black "MITerryble"]
[Result "1-0"]
[WhiteElo "3146"]
[BlackElo "3026"]
[TimeControl "180+1"]
[EndTime "15:26:45 PDT"]
[Termination "HansOnTwitch won on time"]

1. c4 e5 2. g3 Nf6 3. Bg2 c6 4. d4 Bb4+ 5. Bd2 Bxd2+ 6. Qxd2 d6 7. Nc3 O-O 8. O-O-O Qa5 9. Kb1 Bf5+ 10. e4 Be6 11. d5 cxd5 12. Nxd5 Qxd2 13. Rxd2 Nxd5 14. cxd5 Bd7 15. f4 f6 16. Ne2 Na6 17. Nc3 Rac8 18. Rc1 Rc5 19. a3 Rfc8 20. Rdc2 Kf7 21. Bf1 Ke7 22. b4 R5c7 23. Bd3 Nb8 24. Kb2 Be8 25. Be2 h5 26. a4 Nd7 27. a5 Nf8 28. f5 g6 29.
fxg6 Bxg6 30. Bd3 Nh7 31. h4 Nf8 32. Nd1 Rxc2+ 33. Rxc2 Rxc2+ 34. Kxc2 Kd7 35. Ne3 Kc7 36. Kd2 Bh7 37. Ke2 b6 38. a6 b5 39. Nd1 Bg6 40.
Nc3 Kb6 41. Bxb5 f5 42. exf5 Bxf5 43. Bc4 Nd7 44. Nb5 Nf6 45. Nxd6 Bd7 46. Nf7 1-0

[Event "Late-Titled-Tuesday-Blitz-June-04-2024"]
[Site "Chess.com"]
[Date "2024.06.04"]
[Round "8"]
[White "howitzer14"]
[Black "Seppppppy"]
[Result "1-0"]
[WhiteElo "3022"]
[BlackElo "2217"]
[TimeControl "180+1"]
[EndTime "15:26:45 PDT"]
[Termination "howitzer14 won by resignation"]

1. d4 Nf6 2. Bf4 d5 3. e3 e6 4.
c4 Bd6 5. Bg3 O-O 6. Nc3 c6 7.
Nf3 b6 8. Rc1 Bb7 9. cxd5 cxd5 10. Ne5 Nc6 11. Bd3 Nb4 12. Bb1 Bxe5 13. Bxe5 Nc6 14.
Bg3 Qd7 15. O-O a6 16. Na4 Qd8 17. Qb3 b5 18. Nc5 Na5 19. Qb4 Nc6 20. Qc3 b4 21. Qd3 Na5 22. Bh4 g6 23. Qd2 Kg7 24. Qxb4 Rb8 25. b3 Nc6 26. Qe1 Ba8 27. Nxa6 Rb6 28. Nc5 Qc7 29. Rc3 Nd7 30. Qc1 Nxc5 31. Rxc5 Rc8 32.
Qc3 Qd7 33. Rc1 Bb7 34. h3 Ra8 35. Bg3 Nb4 36. Rc7 Qe8 37. Be5+ Kg8 38. Bf6 Rc6 39. Qxb4 Rxc1+ 40. Rxc1 Rc8 41. Rc5 Bc6 42. Qc3 Qf8 43.
a4 Bb7 44. Bd3 Rxc5 45. Qxc5 Qa8 46. Qe7 h5 47. Bb5 Bc6 48. Bxc6 Qxc6 49. Qd8+ Kh7 1-0

[Event "Late-Titled-Tuesday-Blitz-June-04-2024"]
[Site "Chess.com"]
[Date "2024.06.04"]
[Round "8"]
[White "krzyzan94"]
[Black "Zura_19"]
[Result "1-0"]
[WhiteElo "2799"]
[BlackElo "2624"]
[TimeControl "180+1"]
[EndTime "15:26:46 PDT"]
[Termination "krzyzan94 won by resignation"]

1. b3 Nf6 2. Bb2 g6 3. e3 Bg7 4. Nf3 O-O 5. c4 d6 6. d4 Nc6 7. Be2 e5 8. dxe5 Nd7 9. Nc3 Ndxe5 10. Qd2 Nxf3+ 11. Bxf3 Ne5 12. Be2 Bf5 13. O-O Qh4 14. f4 Ng4 15. Bxg4 Bxg4 16. Nd5 c6 17. Bf6 Qh6 18. Bg5 Qh5 19. Nf6+ Bxf6 20. Bxf6 Rfe8 21. h3 Qf5 22. Bb2 Bh5 23. g4 Bxg4 24. hxg4 Qxg4+ 25. Qg2 Qxg2+ 26. Kxg2 Rxe3 27. Rae1 Rae8 28. Kf2 Rxe1 29.
Rxe1 Rxe1 30. Kxe1 f5 31. Ba3 c5 32. Kf2 Kf7 33.
Kg3 b6 34. Kh4 h6 35. Bb2 a5 36. a4 Ke7 37. Bg7 h5 38. Kg5 Kf7 39. Bc3 Ke6 40.
Be1 Kf7 41. Bh4 Kg7 42. Bg3 Kf7 43. Kh6 Kf6 44. Bh4+ Kf7 45. Kh7 Ke6 46. Kxg6 d5 47. cxd5+ Kxd5 48. Kxf5 Kd4 49. Ke6 Kc3 50. f5 Kxb3 51. f6 c4 52. f7 c3 53. f8=Q 1-0

[Event "Late-Titled-Tuesday-Blitz-June-04-2024"]
[Site "Chess.com"]
[Date "2024.06.04"]
[Round "8"]
[White "ural58"]
[Black "Maus7"]
[Result "0-1"]
[WhiteElo "2425"]
[BlackElo "2564"]
[TimeControl "180+1"]
[EndTime "15:26:46 PDT"]
[Termination "Maus7 won by resignation"]

1. e4 c5 2. b3 Nf6 3. e5 Nd5 4. Nc3 Nxc3 5. dxc3 Nc6 6. Nf3 g6 7. Bc4 Bg7 8. O-O O-O 9. Bf4 a6 10. a4 Na5 11. Bd5 e6 12. Be4 Qc7 13. Qd2 Rb8 14.
Rfd1 b6 15. Bh6 Bb7 16. Bxb7 Rxb7 17. Qg5 Nc6 18. Re1 Qd8 19. Qf4 f6 20. Bxg7 Kxg7 21.
exf6+ Qxf6 22. Qe3 h6 23. Rad1 Rf7 24. Rd6 Ne7 25.
Ne5 Nf5 26. Ng4 Nxe3 27. Nxf6 Nxc2 28. Ne8+ Kf8 29. Re2 Na1 30. Rb2 Kxe8 31. Rd1 Nxb3 32. Rxb3 Kd8 33. a5 Kc7 34. axb6+ Rxb6 35. Ra3 Rf8 36. g3 Ra8 37. Rda1 d5 38. f4 Kd6 39.
Kg2 a5 40. Kf3 c4 41. Ke3 Rb3 42. Kd4 Rxa3 43. Rxa3 a4 44. g4 g5 45. fxg5 e5+ 46. Ke3 hxg5 47. Kf3 Kc5 0-1

[Event "Late-Titled-Tuesday-Blitz-June-04-2024"]
[Site "Chess.com"]
[Date "2024.06.04"]
[Round "8"]
[White "Duhless"]
[Black "TigrVShlyape"]
[Result "1-0"]
[WhiteElo "3104"]
[BlackElo "2913"]
[TimeControl "180+1"]
[EndTime "15:26:47 PDT"]
[Termination "Duhless won on time"]

1. e4 c5 2. Nf3 e6 3. c3 Nf6 4. e5 Nd5 5. a3 Nc6 6. d4 cxd4 7. cxd4 d6 8. Bd3 dxe5 9. dxe5 Be7 10. O-O O-O 11.
Qe2 Qb6 12. Qe4 g6 13. Nbd2 Rd8 14. Nc4 Qc7 15. Bg5 b5 16. Nd6 Nxe5 17. Nxb5 Nxf3+ 18.
Qxf3 Qd7 19. Bxe7 Qxe7 20. Rac1 Bb7 21. Be4 a6 22. Nc7 Nxc7 23. Bxb7 Rab8 24. b4 Rd6 25. Rc5 Nb5 26. Be4 Nd4 27. Qe3 Rbd8 28. Rfc1 Kg7 29.
g3 Qf6 30. Kg2 h5 31. h4 Nf5 32. Qc3 Rd4 33. Re1 Nh6 34. Re2 Ng4 35. Bf3 Rd3 36.
Qxf6+ Kxf6 37. Ra5 R8d6 38. Bb7 Rd2 39. Bxa6 e5 40.
Bc4 R6d4 41. Ra7 Nh6 42. b5 Rd1 43. Rc2 Rb1 44. Be2 Nf5 45. a4 1-0

[Event "Late-Titled-Tuesday-Blitz-June-04-2024"]
[Site "Chess.com"]
[Date "2024.06.04"]
[Round "8"]
[White "garfield_pg"]
[Black "profedechess93"]
[Result "0-1"]
[WhiteElo "2465"]
[BlackElo "2605"]
[TimeControl "180+1"]
[EndTime "15:26:48 PDT"]
[Termination "profedechess93 won on time"]

1. d4 d5 2. Nf3 Nf6 3. Bf4 c5 4. e3 Nc6 5. Nbd2 cxd4 6. exd4 Qb6 7. Nb3 Bg4 8. c3 a5 9. Rb1 e6 10. Bd3 Be7 11. O-O O-O 12. Nbd2 Bh5 13. Qb3 Qa7 14. a4 Rfc8 15. Rbe1 Bg6 16. Bb5 Qb6 17. h3 Nd7 18. Re3 h6 19. Rfe1 Nf8 20. Ne5 Na7 21. Bf1 Qxb3 22.
Nxb3 b6 23. Ba6 Re8 24. Nxg6 Nxg6 25. Bc7 Bg5 26. Rd3 Bd8 27. Bg3 Re7 28. h4 Bc7 29.
Bxc7 Rxc7 30. g3 Nc6 31. Bb5 Na7 32. Ba6 Ne7 33. Rf3 Nac6 34. Bd3 Rb8 35. Nd2 Na7 36.
Nb1 b5 37. axb5 Nxb5 38. Re2 Nd6 39. Na3 Rcb7 40. Rfe3 Rxb2 41. Rxb2 Rxb2 42. Re1 Rb3 43. Nb1 Nc4 44. Re2 Na3 0-1

[Event "Late-Titled-Tuesday-Blitz-June-04-2024"]
[Site "Chess.com"]
[Date "2024.06.04"]
[Round "8"]
[White "Pelusiansky"]
[Black "Der_Honigdachs"]
[Result "1-0"]
[WhiteElo "2401"]
[BlackElo "2515"]
[TimeControl "180+1"]
[EndTime "15:26:48 PDT"]
[Termination "Pelusiansky won by checkmate"]

1. d4 Nf6 2. c4 g6 3. Nc3 d5 4.
Nf3 Bg7 5. h4 dxc4 6. e4 Bg4 7.
Bxc4 Nc6 8. e5 Bxf3 9. Qxf3 Nxd4 10. Qxb7 Nc2+ 11. Kf1 Ng4 12. Qe4 Nxa1 13. Qxg4 Nc2 14. h5 Qd4 15. Qe2 Nb4 16. hxg6 hxg6 17. Rxh8+ Bxh8 18. a3 Nc6 19. Bb5 Qc5 20. Qe4 Kf8 21. Qxc6 Qxc6 22. Bxc6 Rb8 23. f4 f6 24. exf6 Bxf6 25.
Ke2 Rb6 26. Bf3 a5 27. Kd3 Rd6+ 28. Kc2 Rb6 29. Be3 Rd6 30. Nd5 Bg7 31. Nxc7 Kg8 32. Nb5 Rb6 33. Bxb6 a4 34. Be3 Bxb2 35. Nc3 Bxa3 36.
Nxa4 g5 37. Nc3 gxf4 38. Bxf4 e5 39. Bxe5 Bb4 40. Bd4 Bd6 41. Kd3 Bf4 42. Ke4 Bg3 43. Be5 Bxe5 44. Kxe5 Kg7 45. Kf5 Kh6 46. g4 Kg7 47. Ne4 Kh8 48. g5 Kg7 49. Bh5 Kh8 50. Kg6 Kg8 51. Ng3 Kh8 52. Kf6 Kg8 53.
g6 Kh8 54. g7+ Kg8 55. Bf7+ Kh7 56. g8=Q+ Kh6 57. Qg6# 1-0

[Event "Late-Titled-Tuesday-Blitz-June-04-2024"]
[Site "Chess.com"]
[Date "2024.06.04"]
[Round "8"]
[White "artin10862"]
[Black "SahaNeelash"]
[Result "0-1"]
[WhiteElo "2934"]
[BlackElo "2692"]
[TimeControl "180+1"]
[EndTime "15:26:49 PDT"]
[Termination "SahaNeelash won on time"]

1. e4 c6 2. d4 d5 3. Nc3 dxe4 4. Nxe4 Nf6 5. Nxf6+ exf6 6. c3 Bd6 7. Bd3 O-O 8. Qc2 Re8+ 9. Ne2 h5 10. Be3 Nd7 11. O-O-O Nf8 12. Kb1 b5 13. d5 c5 14. Bxb5 Re5 15. Bd3 Rb8 16. c4 Re7 17. Nc3 Reb7 18. b3 Bd7 19. Ne4 Qc7 20. Nxd6 Qxd6 21. Qc3 Ng6 22. Qa5 Qe5 23. Bc1 Bf5 24. Bxf5 Qxf5+ 25. Ka1 Qxf2 26. Qd2 Qf5 27. Rhf1 Qe5+ 28. Bb2 Qxh2 29. Rh1 Qd6 30. Rxh5 a5 31. Qxa5 Rb6 32. Rdh1 Ra6 33. Qc3 Rba8 34. a4 Qf4 35. Qd3 Qg4 36. Qc2 Re8 37.
Bc3 Re3 38. R5h3 Re2 39. Qd3 Qxg2 40. R3h2 Qxh2 41. Rxh2 Rxh2 0-1

[Event "Late-Titled-Tuesday-Blitz-June-04-2024"]
[Site "Chess.com"]
[Date "2024.06.04"]
[Round "8"]
[White "Kielinkei"]
[Black "BerlinDrawer"]
[Result "1/2-1/2"]
[WhiteElo "2455"]
[BlackElo "2574"]
[TimeControl "180+1"]
[EndTime "15:26:49 PDT"]
[Termination "Game drawn by repetition"]

1. c4 c5 2. Nf3 Nf6 3. d4 cxd4 4.
Nxd4 Nc6 5. Nc3 e6 6. g3 Qb6 7.
Ndb5 Ne5 8. Bg2 a6 9. Be3 Qa5 10. Nd6+ Bxd6 11. Qxd6 Nxc4 12. Qc5 Qxc5 13. Bxc5 Nxb2 14.
Rb1 Nc4 15. e4 d6 16. e5 dxe5 17. Ke2 Nd7 18. Ne4 f5 19. Nd6+ Nxd6 20. Bxd6 e4 21. Rhc1 b5 22. a4 bxa4 23. f3 Nf6 24. fxe4 fxe4 25. Rc7 Bd7 26. Rbb7 Bb5+ 27. Ke1 Nd5 28.
Rxg7 Rc8 29. Bxe4 Rc1+ 30. Kf2 Kd8 31. Rb8+ Rc8 32. Rbb7 Rc6 33. Be5 Rf8+ 34. Kg2 Rc8 35. Bxh7 Bf1+ 36. Kg1 Rc1 37. Rb8+ Rc8 38. Rbb7 Rc1 39.
Rb8+ Rc8 40. Rbb7 1/2-1/2